AoeStats
← Pegasus Assistant

Arabia

505107706Analyzed
1v1 RM · 25d ago on Sep 7, 2026· 43m 10s· 2 players
Game mode
Random Map
Map size
Tiny (2 player)
Population
200
Speed
Normal
Resources
Standard
Victory
Conquest
Starting age
Dark Age
Ending age
Imperial Age
RankedLock teamsTeams togetherTeam positionsShared explorationLock speedFull tech treeHidden civsTurbo modeCheats
Victory
Defeat
🇨🇦 Burmese · Canada
915
+17
🇺🇸 Bulgarians · United States
935
-17
bar2nice
5:24 Loom
10:55 Feudal Age
10:59 Man-at-Arms
12:34 Horse Collar
18:51 Fletching
24:52 Castle Age
24:30 Scale Barding Armor
24:36 Forging
26:41 Chain Barding Armor
26:58 Iron Casting
27:04 Bloodlines
29:03 Wheelbarrow
30:34 Husbandry
34:35 Devotion
Pegasus Assistant
8:24 Loom
10:46 Feudal Age
12:43 Horse Collar
13:59 Scale Barding Armor
14:04 Fletching
16:47 Double-Bit Axe
17:44 Forging
18:47 Arson
23:49 Castle Age
22:17 Scale Mail Armor
25:00 Bodkin Arrow
26:11 Chain Barding Armor
27:16 Wheelbarrow
26:20 Light Cavalry
27:42 Bow Saw
29:09 Bloodlines
31:51 Iron Casting
Connection lost

Rejoining the realm…

Still unreachable

The connection could not be restored.

Session expired

The server has moved on; the page needs a fresh start.